Map: Korhal Carnage Knockout LE

Players

nyx

  • Race: Protoss Protoss
  • League: Bronze

AdminB - Winner!

  • Race: Zerg Zerg

Event: DreamHack Open Tours WCS Spring Championship

VOD

Have the link to the VOD?

Description

Time

  • Played on: May 15, 2016, 3:30 a.m.
  • Length: 8:26
Show
View Real Time Build Order
Export as new Build Order

nyx Protoss 

Build Orders: Colossus Rush 

Get SALT Encoding   

  12  0:01  Probe (Chrono Boost)  
  13  0:12  Probe (Chrono Boost)  
  14  0:22  Probe (Chrono Boost)  
  14  0:25  Pylon  
  15  0:43  Probe (Chrono Boost)  
  15  0:46  Gateway  
  16  0:51  Gateway  
  16  0:54  Probe (Chrono Boost)  
  17  1:04  Assimilator  
  17  1:05  Probe (Chrono Boost)  
  18  1:14  Pylon  
  18  1:15  Probe (Chrono Boost)  
  19  1:26  Probe (Chrono Boost)  
  20  1:34  Cybernetics Core  
  20  1:42  Probe (Chrono Boost)  
  20  1:46  Assimilator  
  21  2:11  Warp Gate (Chrono Boost)  
  21  2:12  Nexus  
  21  2:13  Adept  
  23  2:30  Probe  
  24  2:40  Robotics Facility  
  24  2:41  Adept  
  24  2:43  Probe  
  27  2:55  Probe  
  28  3:24  Probe  
  29  3:33  Pylon, Observer (Chrono Boost)  
  30  3:35  Probe  
  31  3:42  Pylon  
  31  3:45  Probe, Robotics Bay  
  32  3:53  Gateway  
  32  3:56  Probe  
  32  4:02  Pylon  
  33  4:06  Probe  
  34  4:16  Assimilator  
  35  4:17  Probe, Observer (Chrono Boost)  
  35  4:20  Assimilator  
  36  4:24  Adept  
  36  4:27  Probe  
  39  4:37  Pylon  
  41  4:48  Probe  
  42  4:55  Sentry  
  42  4:59  Probe  
  44  5:00  Colossus (Chrono Boost)  
  44  5:03  Stalker x2  
  47  5:11  Probe (Chrono Boost)  
  47  5:12  Mothership Core (Chrono Boost)  
  46  5:22  Probe (Chrono Boost)  
  42  5:33  Adept x3  
  40  5:49  Probe (Chrono Boost)  
  41  5:59  Probe (Chrono Boost)  
  42  6:10  Probe (Chrono Boost)  
  43  6:18  Stalker x2  
  47  6:33  Probe (Chrono Boost)  
  48  6:44  Twilight Council, Probe (Chrono Boost)  
  49  6:54  Probe (Chrono Boost)  
  50  7:02  Immortal (Chrono Boost)  
  50  7:05  Probe  
  55  7:17  Probe  
  55  7:20  Forge  
  55  7:21  Forge  
  56  7:29  Probe  
  57  7:36  Adept x2  
  61  7:41  Probe  
  62  7:53  Probe  
  49  8:06  Stalker  
  45  8:13  Adept x2  
Show
View Real Time Build Order
Export as new Build Order

AdminB Zerg - Winner!

Build Orders: Hatch First 

Get SALT Encoding   

  12  0:01  Drone  
  13  0:10  Drone  
  14  0:18  Overlord  
  14  0:36  Drone x3  
  17  0:51  Drone  
  18  0:58  Hatchery  
  17  1:10  Drone x2  
  19  1:20  Overlord  
  19  1:26  Spawning Pool  
  18  1:55  Drone x3  
  18  2:00  Hatchery  
  20  2:07  Overlord  
  20  2:18  Extractor  
  20  2:19  Drone, Extractor  
  20  2:20  Drone  
  20  2:25  Queen  
  20  2:27  Queen  
  24  2:43  Drone x4  
  28  2:52  Drone x2  
  30  3:11  Overlord  
  30  3:13  Overlord  
  30  3:16  Metabolic Boost  
  30  3:18  Overlord  
  30  3:19  Overlord  
  30  3:23  Overlord  
  30  3:26  Drone  
  31  3:31  Overlord  
  31  3:46  Drone  
  31  3:47  Drone x2  
  31  3:48  Roach Warren  
  33  3:49  Drone  
  33  3:52  Drone  
  33  3:55  Drone  
  36  3:57  Drone  
  36  4:00  Drone  
  36  4:02  Drone  
  39  4:14  Queen  
  39  4:16  Overlord  
  41  4:23  Zergling x6  
  41  4:24  Zergling x2  
  45  4:25  Zergling x2  
  45  4:31  Zergling x6  
  50  4:38  Zergling x2  
  50  4:39  Zergling x8  
  50  4:41  Zergling x2  
  55  5:07  Drone x3  
  55  5:08  Drone x6  
  58  5:33  Extractor x2  
  58  5:35  Lair  
  48  5:50  Hatchery  
  48  5:52  Extractor x2  
  45  5:59  Drone x4  
  45  6:00  Drone  
  45  6:03  Drone  
  45  6:04  Drone x2  
  53  6:05  Drone x3  
  53  6:06  Roach x2  
  53  6:07  Roach x2  
  53  6:10  Roach x2  
  53  6:11  Roach x6  
  78  6:17  Roach x2  
  84  6:25  Roach x2  
  88  6:32  Glial Reconstitution  
  88  6:42  Drone x2  
  88  6:43  Evolution Chamber  
  88  6:44  Roach  
  88  6:45  Evolution Chamber, Roach x4  
  98  6:56  Overlord x3  
  98  7:02  Roach x3  
  104  7:16  Spire  
  103  7:34  Roach x2  
  103  7:35  Roach x4  
  115  7:42  Overlord x2  
  115  7:43  Overlord  

Tags
 
Add a new tag
Caveats
  • Supply blocks, unpowered buildings, or Contaminate may cause inaccurate times.
  • Supply counts are checked every 10 seconds.